 Dungeon Crawl Stone Soup version 0.21.1-1-g345015f (webtiles) character file.

51 wilfster70 the Cutter (level 4, -1/29 HPs)
             Began as a Halfling Warper on June 11, 2018.
             Slain by a sky beast (6 damage)
             ... on level 2 of the Dungeon.
             The game lasted 00:05:20 (1405 turns).

wilfster70 the Cutter (Halfling Warper)             Turns: 1405, Time: 00:05:21

Health: -1/29      AC:  4    Str: 13    XL:     4   Next: 5%
Magic:  6/6        EV: 15    Int: 11    God:
Gold:   29         SH:  0    Dex: 13    Spells: 2/6 levels left

rFire    . . .     SeeInvis .   a - +0 short sword
rCold    . . .     Gourm    .   (shield restricted)
rNeg     . . .     Faith    .   q - +0 leather armour
rPois    .         Spirit   .   (no helmet)
rElec    .         Reflect  .   (no cloak)
rCorr    .         Harm     .   (no gloves)
MR       .....                  s - +0 pair of boots
Stlth    +.........             (no amulet)
HPRegen  0.09/turn              (no ring)
MPRegen  0.10/turn              (no ring)

@: no status effects
A: small, mutation resistance 1
a: no special abilities


You were on level 2 of the Dungeon.
You were hungry.

You visited 1 branch of the dungeon, and saw 2 of its levels.

You collected 29 gold pieces.

Inventory:

Hand Weapons
 a - a +0 short sword (weapon)
 b - a +0 hunting sling
Missiles
 e - 5 tomahawks of dispersal (quivered)
 h - 79 stones
 i - 30 sling bullets
 t - 7 tomahawks of returning
Armour
 q - a +0 leather armour (worn)
 s - a +0 pair of boots (worn)
Scrolls
 d - a scroll of blinking
 g - a scroll of fear {unknown}
 l - 2 scrolls of teleportation {unknown}
 m - a scroll of immolation {unknown}
 n - a scroll of remove curse {unknown}
 o - 2 scrolls of identify {unknown}
 r - a scroll of enchant armour {unknown}
Potions
 j - a potion of lignification {unknown}
 k - a potion of flight {unknown}
Books
 c - a book of Spatial Translocations

   Spells                             Type                      Level
   a - Blink                          Translocation                2
   b - Shroud of Golubria             Charms/Translocation         2
   c - Lesser Beckoning               Translocation                3
   d - Gell's Gravitas                Translocation                3
   e - Teleport Other                 Translocation                3
   f - Passage of Golubria            Translocation                4
Comestibles
 f - 6 rations


   Skills:
 - Level 1.7 Fighting
 + Level 3.8 Short Blades
 - Level 1.0 Throwing
 - Level 1.1 Armour
 + Level 3.4 Dodging
 - Level 1.5 Spellcasting
 - Level 3.2 Translocations


You had 2 spell levels left.
You knew the following spells:

 Your Spells              Type           Power        Failure   Level  Hunger
a - Blink                 Tloc           N/A          16%         2    ###....
b - Shroud of Golubria    Chrm/Tloc      #.........   30%         2    ###....


Dungeon Overview and Level Annotations

Branches:
Dungeon (2/15)

Altars:


Innate Abilities, Weirdness & Mutations

You are small and have problems with some larger weapons.
You are somewhat resistant to further mutation.


Message History

The sky beast flickers out of sight!
Deactivating autopickup; reactivate with Ctrl-A.
You hit something. Something hits you but does no damage.
You hit something but do no damage. You hit something but do no damage.
Something hits you but does no damage.
You hit something. Something hits you. Something shocks you.
The kobold throws a stone.
The stone completely misses you.
You hit something but do no damage. Something hits you. Something shocks you.
The kobold throws a stone.
The stone hits you.
You completely miss something. Something hits you. Something shocks you.
* * * LOW HITPOINT WARNING * * *
You miss something.
A sky beast appears from thin air!
Reactivating autopickup.
The sky beast closely misses you.
You hit the sky beast.
The sky beast is heavily wounded.
The sky beast hits you.
* * * LOW HITPOINT WARNING * * *
The sky beast shocks you.
You die...

.......##...#####
.........##..#
........K..#..#
...........#..#
..#.......#.##
#........'..# [
#........{..#
#..#.......##.#####
........(..#..KY@.#
........(..##.###(#
..........##..# #.#
.........##.... #.#
.......$##.####.#.#
.......##.. .#.#
......##.. #.#
###### ## #..


You could see a sky beast and a kobold.

Vanquished Creatures
  An adder (D:2)
  3 leopard geckos
  7 giant cockroaches
  3 goblins
  4 hobgoblins (D:1)
  6 bats
  2 frilled lizards (D:1)
  4 kobolds (D:1)
  5 rats
35 creatures vanquished.

Vanquished Creatures (others)
  A bat (D:1)
1 creature vanquished.

Grand Total: 36 creatures vanquished

Notes
Turn   | Place    | Note
-------+----------+-------------------------------------------
     0 | D:1      | wilfster70 the Halfling Warper began the quest for the Orb.
     0 | D:1      | Reached XP level 1. HP: 14/14 MP: 3/3
   155 | D:1      | Reached XP level 2. HP: 15/19 MP: 4/4
   516 | D:1      | Reached XP level 3. HP: 17/24 MP: 5/5
  1094 | D:2      | Reached XP level 4. HP: 14/29 MP: 6/6
  1314 | D:2      | Learned a level 2 spell: Blink
  1317 | D:2      | Learned a level 2 spell: Shroud of Golubria
  1385 | D:2      | Noticed a sky beast
  1405 | D:2      | Slain by a sky beast

Skill      XL: |  1  2 |
---------------+-------+-----
Short Blades   | 3 |  3.8
Dodging        | 3 |  3.4
Fighting       | |  1.7
Throwing       | |  1.0
Armour         | |  1.1
Spellcasting   | |  1.5
Translocations | |  3.2

Action                   |  1- 3 |  4- 6 || total
-------------------------+-------+-------++-------
Melee: Short sword       |   142 |    17 ||   159
 Stab: Sleeping          |     1 |       ||     1
  Eat: Chunk             |       |     1 ||     1
Armor: Leather armour    |    52 |     9 ||    61
Dodge: Dodged            |   180 |    15 ||   195
